AoeStats
← 情何以堪

Black Forest

508420303Analyzed
3v3 RM · 11d ago on Sep 22, 2026· 88m 15s· 6 players
Game mode
Random Map
Map size
Normal (6 player)
Population
200
Speed
Normal
Resources
Standard
Victory
Conquest
Starting age
Dark Age
Ending age
Imperial Age
RankedLock teamsTeams togetherTeam positionsShared explorationLock speedFull tech treeHidden civsTurbo modeCheats
Victory
Defeat
🇨🇳 Bohemians · China
843
+18
🇨🇳 Mongols · China
819
+19
🇨🇳 Celts · China
803
+31
🇹🇼 Persians · Taiwan
900
-55
🇺🇸 Wei · United States
876
-19
🇷🇴 Burgundians · Romania
854
-18
Gut Check
6:06 Loom
11:31 Feudal Age
11:58 Double-Bit Axe
11:57 Fishing Lines
13:32 Wheelbarrow
16:40 Town Watch
17:00 Gold Mining
16:55 Horse Collar
20:14 Castle Age
18:36 Stone Mining
21:09 Gillnets
21:38 Hand Cart
21:38 Bow Saw
24:32 Heavy Plow
27:32 Stone Shaft Mining
27:35 Gold Shaft Mining
31:16 Imperial Age
28:31 Treadmill Crane
29:12 Ballistics
28:50 Murder Holes
29:05 Masonry
31:26 Town Patrol
31:21 Fletching
31:38 Scale Barding Armor
31:43 Forging
31:49 Masonry
32:52 Bodkin Arrow
33:19 Chain Barding Armor
33:27 Conscription
34:24 Bracer
34:59 Iron Casting
35:30 Chemistry
35:06 Crop Rotation
34:29 Elite Tiger Cavalry
35:01 Heavy Scorpion
38:08 Blast Furnace
39:13 Caravan
41:11 Ming Guang Armor
73:19 Bloodlines
73:10 Husbandry
72:33 Light Cavalry
73:14 Hussar
Birdperson
0:30 Loom
1:20 Wheelbarrow
14:44 Feudal Age
14:18 Stone Mining
16:16 Stone Shaft Mining
16:31 Hand Cart
16:48 Horse Collar
17:51 Heavy Plow
18:21 Double-Bit Axe
19:38 Bow Saw
24:53 Castle Age
27:24 Fortified Wall
31:46 Imperial Age
31:17 Burgundian Vineyards
32:45 Gold Mining
32:49 Pikeman
33:30 Squires
33:38 Town Watch
34:45 Squires
35:00 Squires
34:26 Halberdier
36:34 Chemistry
37:34 Crop Rotation
37:43 Gold Shaft Mining
39:35 Conscription
46:53 Elite Coustillier
64:42 Cavalier
66:20 Light Cavalry
69:27 Hussar
o中中o
14:35 Feudal Age
16:14 Gold Mining
16:23 Double-Bit Axe
16:58 Horse Collar
18:17 Fletching
18:27 Padded Archer Armor
20:44 Castle Age
20:23 Town Watch
22:04 Bow Saw
22:00 Heavy Plow
21:58 Bodkin Arrow
22:19 Leather Archer Armor
24:09 Stone Mining
24:43 Squires
26:51 Crossbowman
28:12 Gold Shaft Mining
27:29 Loom
28:34 Wheelbarrow
31:00 Hand Cart
30:48 Town Patrol
30:56 Thumb Ring
31:41 Fervor
32:05 Scale Barding Armor
32:11 Forging
33:49 Ballistics
33:27 Murder Holes
33:51 Masonry
36:15 Imperial Age
35:06 Gambesons
35:07 Arson
35:35 Kamandaran
37:25 Conscription
38:28 Hoardings
37:56 Kamandaran
39:10 Citadels
49:25 Elite War Elephant
50:46 Parthian Tactics
51:40 Chemistry
51:13 Architecture
50:35 Guard Tower
51:07 Block Printing
50:53 Devotion
51:28 Theocracy
50:28 Sappers
61:14 Onager
62:51 Heavy Cavalry Archer
64:06 Husbandry
64:28 Cavalier
65:48 Bloodlines
67:22 Guilds
67:42 Coinage
67:13 Caravan
67:58 Savar
72:50 Iron Casting
72:16 Scale Mail Armor
76:48 Blast Furnace
76:11 Chain Barding Armor
76:23 Ring Archer Armor
83:20 Light Cavalry
84:41 Hussar
猫猫儿W
12:12 Feudal Age
13:38 Double-Bit Axe
13:39 Horse Collar
16:51 Castle Age
15:37 Loom
18:41 Wheelbarrow
18:28 Bow Saw
18:48 Heavy Plow
22:52 Hand Cart
22:24 Town Watch
22:54 Gold Mining
25:05 Stone Mining
25:54 Gold Shaft Mining
25:58 Ballistics
30:58 Imperial Age
29:03 Town Patrol
29:41 Thumb Ring
29:45 Nomads
31:13 Masonry
31:16 Bloodlines
31:08 Husbandry
30:31 Light Cavalry
31:19 Scale Barding Armor
31:25 Forging
31:06 Fletching
31:39 Caravan
32:22 Conscription
32:33 Parthian Tactics
32:41 Hussar
33:31 Elite Mangudai
34:51 Hoardings
33:46 Sappers
34:19 Bodkin Arrow
35:13 Bracer
35:36 Chain Barding Armor
35:51 Iron Casting
35:40 Capped Ram
37:05 Iron Casting
36:31 Padded Archer Armor
37:33 Chemistry
35:57 Pikeman
37:19 Drill
39:22 Blast Furnace
38:23 Scale Mail Armor
37:50 Onager
38:32 Sappers
43:56 Leather Archer Armor
43:46 Siege Onager
45:21 Siege Engineers
49:15 Siege Onager
49:19 Siege Ram
49:24 Heavy Scorpion
66:10 Fishing Lines
73:01 Gillnets
80:03 Herbal Medicine
情何以堪
11:50 Feudal Age
12:19 Double-Bit Axe
20:31 Castle Age
18:54 Horse Collar
20:16 Forging
20:10 Stone Mining
21:23 Bow Saw
23:33 Pikeman
25:37 Wheelbarrow
25:43 Gold Mining
28:16 Hand Cart
28:42 Heavy Plow
29:06 Elite Skirmisher
29:16 Light Cavalry
29:59 Husbandry
31:29 Gambesons
31:32 Arson
31:41 Treadmill Crane
32:29 Ballistics
32:54 Gold Shaft Mining
36:20 Imperial Age
33:43 Loom
33:44 Town Watch
35:39 Stone Shaft Mining
35:17 Scale Barding Armor
35:14 Scale Mail Armor
35:39 Stronghold
36:03 Masonry
35:49 Murder Holes
36:07 Fortified Wall
36:43 Fletching
37:31 Iron Casting
37:16 Chain Mail Armor
37:24 Chain Barding Armor
38:01 Capped Ram
38:10 Onager
39:08 Halberdier
40:40 Bodkin Arrow
41:11 Furor Celtica
41:55 Padded Archer Armor
42:57 Blast Furnace
41:27 Hussar
43:04 Guilds
42:57 Siege Ram
44:15 Conscription
43:55 Elite Woad Raider
50:24 Hoardings
51:55 Siege Onager
60:01 Heavy Scorpion
61:23 Plate Mail Armor
61:57 Blast Furnace
61:13 Leather Archer Armor
60:33 Sappers
Joshua
10:58 Feudal Age
11:25 Double-Bit Axe
16:55 Castle Age
15:12 Horse Collar
18:24 Bow Saw
18:32 Loom
19:04 Heavy Plow
23:09 Wheelbarrow
24:41 Hand Cart
27:37 Caravan
30:39 Imperial Age
31:16 Chemistry
30:47 Forging
30:38 Scale Mail Armor
31:10 Ballistics
32:32 Iron Casting
32:05 Siege Engineers
33:11 Two-Man Saw
32:00 Town Watch
34:10 Wagenburg Tactics
34:26 Conscription
34:09 Town Patrol
33:46 Houfnice
33:47 Pikeman
34:28 Squires
34:14 Arson
36:34 Blast Furnace
35:49 Chain Mail Armor
35:22 Halberdier
37:14 Hussite Reforms
37:13 Padded Archer Armor
37:03 Fletching
39:17 Fervor
39:34 Sanctity
40:50 Leather Archer Armor
41:01 Masonry
40:49 Murder Holes
40:52 Bodkin Arrow
41:38 Plate Mail Armor
43:30 Ring Archer Armor
43:00 Bracer
49:29 Architecture
72:49 Guilds
74:42 Theocracy
74:26 Redemption
85:23 Elite Hussite Wagon
Connection lost

Rejoining the realm…

Still unreachable

The connection could not be restored.

Session expired

The server has moved on; the page needs a fresh start.